 Dungeon Crawl Stone Soup version 0.22-a0-254-gaf95ca0 (webtiles) character file.

4468 JeffiDaFish the Thaumaturge (level 10, -15/50 HPs)
             Began as a Deep Elf Ice Elementalist on Mar 4, 2018.
             Was an Initiate of Vehumet.
             Killed from afar by a deep elf mage (30 damage)
             ... with a shard of ice
             ... in a bailey.
             The game lasted 00:22:00 (7785 turns).

JeffiDaFish the Thaumaturge (DEIE)                  Turns: 7785, Time: 00:22:00

Health: -15/50     AC:  5    Str:  5    XL:     10   Next: 15%
Magic:  11/35      EV: 16    Int: 30    God:    Vehumet [......]
Gold:   189        SH:  0    Dex: 15    Spells: 16/30 levels left

rFire    + . .     SeeInvis .   p - +6 war axe "Bulu Deje" {holy, Int+4}
rCold    . . .     Gourm    .   (no shield)
rNeg     . . .     Faith    .   a - +0 robe
rPois    .         Spirit   .   (helmet restricted)
rElec    .         Reflect  .   (no cloak)
rCorr    .         Harm     .   n - +0 pair of gloves
MR       +....                  t - +1 pair of boots
Stlth    +.........             (no amulet)
HPRegen  0.16/turn              h - ring of magical power
MPRegen  0.24/turn              (no ring)

@: lethally poisoned (-15 -> -18), liquid flames, glowing
A: antennae 1, clever 1, fire resistance 1
a: Renounce Religion


You were in a bailey.
You worshipped Vehumet.
Vehumet was noncommittal.
You were not hungry.

You visited 2 branches of the dungeon, and saw 8 of its levels.
You also visited: Bailey.

You collected 376 gold pieces.
You spent 187 gold pieces at shops.

Inventory:

Hand Weapons
 b - a +0 short sword
 p - the +6 war axe "Bulu Deje" (weapon) {holy, Int+4}
   (You found it on level 5 of the Dungeon)

   It has been blessed by the Shining One to cause great damage to the undead
   and demons.
   It affects your intelligence (+4).
Armour
 a - a +0 robe (worn)
 d - a +2 buckler
 n - a +0 pair of gloves (worn)
 t - a +1 pair of boots (worn)
Jewellery
 h - a ring of magical power (left hand)
 u - an uncursed ring of see invisible
Wands
 f - a wand of polymorph (11)
 g - a wand of paralysis (18)
 l - a wand of iceblast (10)
 q - a wand of flame (5)
Scrolls
 e - 4 scrolls of teleportation
 j - 2 scrolls of enchant weapon
 k - a scroll of blinking
 m - a scroll of identify
 v - a scroll of remove curse
Potions
 i - a potion of heal wounds
 r - a potion of mutation
Comestibles
 c - 9 rations
 s - 3 chunks of flesh


   Skills:
 + Level 6.0 Dodging
 - Level 2.4 Stealth
 * Level 10.5 Spellcasting
 * Level 7.7 Conjurations
 + Level 5.5 Hexes
 - Level 4.0 Charms
 * Level 9.2 Ice Magic


You had 16 spell levels left.
You knew the following spells:

 Your Spells              Type           Power        Failure   Level  Hunger
a - Freeze                Ice            ####         1%          1    None
b - Throw Frost           Conj/Ice       ######       1%          2    None
c - Ozocubu's Armour      Chrm/Ice       ######..     1%          3    None
d - Throw Icicle          Conj/Ice       ######..     1%          4    None
e - Cause Fear            Hex            #####.....   3%          4    None


Dungeon Overview and Level Annotations

Branches:
Dungeon (7/15)             Temple (1/1) D:4

Altars:
Ashenzari
Cheibriados
Dithmenos
Elyvilon
Fedhas
Gozag
Hepliaklqana
Kikubaaqudgha
Makhleb
Nemelex Xobeh
Okawaru
Qazlal
Ru
Sif Muna
Trog
Uskayaw
Vehumet
Wu Jian
Xom
Yredelemnul
Zin
The Shining One

Shops:
D:7 [


Innate Abilities, Weirdness & Mutations

You have a pair of small antennae on your head.
Your mind is acute. (Int +2)
Your flesh is heat resistant. (rF+)


Message History

The deep elf mage gestures at you while chanting.
The shard of ice misses you.
The deep elf mage points at you and mumbles some strange words.
The sticky flame hits you! You resist.
You are covered in liquid flames!
Casting: Throw Icicle (safe; 1% risk of failure)
Confirm with . or Enter, or press ? or * to list all spells.
Aiming: Throw Icicle (safe; 1% risk of failure)
Press: ? - help, Shift-Dir - straight line, f/p - deep elf mage
Aim: a deep elf mage, wielding a dagger and wearing a leather armour (almost dead)
The shard of ice hits the deep elf mage.
You kill the deep elf mage!
Vehumet accepts your kill.
Your Dodging skill increases to level 6!
You are covered in liquid flames!
* * * LOW HITPOINT WARNING * * *
The deep elf mage gestures at you while chanting.
The shard of ice hits you!
Ouch! That really hurt!
You die...

##..##..∩..#
#....#.....#
#....##...##
##..##'####
###.).##
#.....#
#..∩..#
#.....#
##..)@#
#####e# #..
.... ....#
....# ..##
##.


You could see a deep elf mage.

Vanquished Creatures
  Pikel (D:5)
  5 deep elf magi (Bailey)
  A hungry ghost (D:6)
  The ghost of JeffiDaFish the Magician, an amateur DEIE (D:3)
  2 ice beasts
  An orc warrior (D:7)
  A black bear (D:4)
  A slave (D:5)
  3 ogres
  2 centaurs
  2 phantoms
  A scorpion (D:4)
  3 crimson imps (D:6)
  A centaur skeleton (D:7)
  2 hounds
  An iguana (D:6)
  4 orc wizards (D:7)
  A statue (D:6)
  4 worker ants
  A howler monkey zombie (D:7)
  Robin (D:3)
  4 gnolls (D:5)
  5 adders
  An ooze (D:4)
  An adder skeleton (D:4)
  3 dart slugs
  2 leopard geckos
  5 orcs
  5 giant cockroaches
  19 goblins
  10 hobgoblins
  2 jackals (D:3)
  5 kobolds
  3 quokkas
  2 ball pythons (D:3)
  5 bats (D:3)
  9 frilled lizards
  4 rats
  A bush (D:6)
125 creatures vanquished.

Vanquished Creatures (others)
  A dream sheep (Bailey)
  A centaur (D:5)
  A quokka (D:5)
3 creatures vanquished.

Grand Total: 128 creatures vanquished

Notes
Turn   | Place    | Note
-------+----------+-------------------------------------------
     0 | D:1      | JeffiDaFish the Deep Elf Ice Elementalist began the quest for the Orb.
     0 | D:1      | Reached XP level 1. HP: 10/10 MP: 6/6
   474 | D:1      | Reached XP level 2. HP: 15/15 MP: 5/8
   736 | D:1      | Learned a level 2 spell: Throw Frost
  1668 | D:2      | Reached skill level 4 in Spellcasting
  1668 | D:2      | Reached XP level 3. HP: 19/19 MP: 10/10
  2067 | D:3      | Noticed JeffiDaFish's ghost (amateur DEIE)
  2588 | D:3      | Learned a level 3 spell: Ozocubu's Armour
  2727 | D:3      | Noticed Robin
  2786 | D:3      | Reached XP level 4. HP: 20/24 MP: 10/12
  2789 | D:3      | Killed Robin
  2901 | D:3      | Killed JeffiDaFish's ghost
  2901 | D:3      | Reached skill level 5 in Spellcasting
  2901 | D:3      | Reached skill level 5 in Ice Magic
  2901 | D:3      | Reached XP level 5. HP: 18/28 MP: 11/14
  3181 | D:3      | Learned a level 4 spell: Throw Icicle
  4057 | D:4      | Reached XP level 6. HP: 31/32 MP: 16/16
  4074 | D:4      | Found a staircase to the Ecumenical Temple.
  4086 | Temple   | Entered the Ecumenical Temple
  4415 | D:4      | Reached skill level 6 in Spellcasting
  4872 | D:4      | Learned a level 4 spell: Cause Fear
  4934 | D:5      | Entered Level 5 of the Dungeon
  4948 | D:5      | Reached XP level 7. HP: 19/36 MP: 19/19
  5098 | D:5      | Reached skill level 1 in Hexes
  5098 | D:5      | Reached skill level 1 in Charms
  5233 | D:5      | Reached skill level 7 in Spellcasting
  5720 | D:5      | Found an ancient bone altar of Kikubaaqudgha.
  5741 | D:5      | Identified the +6 war axe "Bulu Deje" {holy, Int+4} (You found it on level 5 of the Dungeon)
  6087 | D:5      | Noticed Pikel
  6099 | D:5      | Paralysed by Pikel for 7 turns
  6110 | D:5      | Killed Pikel
  6110 | D:5      | Reached skill level 8 in Spellcasting
  6110 | D:5      | Reached XP level 8. HP: 29/41 MP: 9/22
  6217 | D:6      | Reached skill level 5 in Conjurations
  6256 | D:6      | Found a snail-covered altar of Cheibriados.
  6328 | D:6      | Found a blossoming altar of Fedhas.
  6629 | D:6      | Gained mutation: Your mind is acute. (Int +2) [potion of mutation]
  6629 | D:6      | Gained mutation: You have a pair of small antennae on your head. [potion of mutation]
  6629 | D:6      | Gained mutation: Your flesh is heat resistant. (rF+) [potion of mutation]
  6805 | D:6      | Found a stormy altar of Qazlal.
  7001 | D:6      | Found a radiant altar of Vehumet.
  7075 | D:6      | Became a worshipper of Vehumet
  7274 | D:7      | Reached XP level 9. HP: 45/45 MP: 23/23
  7364 | D:7      | Found Benirei's Antique Armour Shop.
  7367 | D:7      | Bought a pair of glowing boots for 187 gold pieces
  7442 | D:7      | Found a basalt altar of Yredelemnul.
  7507 | D:7      | Reached skill level 9 in Spellcasting
  7566 | D:7      | Found a flagged portal.
  7658 | Bailey   | Entered a bailey
  7666 | Bailey   | Noticed a deep elf mage
  7674 | Bailey   | Killed a deep elf mage
  7674 | Bailey   | Reached skill level 5 in Dodging
  7765 | Bailey   | Noticed a deep elf mage
  7767 | Bailey   | Noticed a hellwing
  7767 | Bailey   | Noticed a deep elf mage
  7767 | Bailey   | Noticed a deep elf mage
  7769 | Bailey   | Noticed a sun demon
  7769 | Bailey   | Killed a deep elf mage
  7770 | Bailey   | Noticed a deep elf mage
  7772 | Bailey   | Noticed a hellwing
  7772 | Bailey   | Killed a deep elf mage
  7772 | Bailey   | Reached skill level 10 in Spellcasting
  7772 | Bailey   | Reached skill level 5 in Hexes
  7773 | Bailey   | Killed a deep elf mage
  7773 | Bailey   | Reached XP level 10. HP: 44/50 MP: 5/26
  7774 | Bailey   | Noticed a deep elf mage
  7779 | Bailey   | a deep elf mage changed into a dream sheep
  7784 | Bailey   | Noticed a deep elf mage
  7785 | Bailey   | Killed a deep elf mage
  7785 | Bailey   | Killed from afar by a deep elf mage

Vault maps used:
D:1:      co_arrival_random_square_maze, minivault_11
D:3:      uniq_robin
D:4:      black_bear_nest_2, minmay_temple_entry_grid, first_ration
D:5:      kiku_gazebo_pond_becter, uniq_pikel
D:6:      vehumet_statue, nicolae_overflow_crystal_walls,
          fedhas_bush_and_centaur_altar, kennysheep_little_box
D:7:      old_standard_altar, serial_shops, nicolae_shop_stone, shop,
          enter_bailey_3
Temple:   regret_index_temple_sphere_string
Bailey:   bailey_polearm_3, bailey

Skill      XL: |  1  2  3  4  5  6  7  8  9 10 |
---------------+-------------------------------+-----
Spellcasting   | 4 5 6 8 10 | 10.5
Ice Magic      | 4 5 6 7 9 |  9.2
Conjurations   | 2 3 4 5 7 |  7.7
Dodging        | 4 5 6 |  6.0
Hexes          | 2 3 5 |  5.5
Charms         | 3 4 |  4.0
Stealth        | |  2.4

Action                   |  1- 3 |  4- 6 |  7- 9 | 10-12 || total
-------------------------+-------+-------+-------+-------++-------
Melee: Short sword       |    18 |    37 |    13 |       ||    68
       War axe           |       |       |    68 |     2 ||    70
 Cast: Freeze            |    36 |    23 |    43 |     2 ||   104
       Throw Frost       |    29 |    22 |    25 |       ||    76
       Ozocubu's Armour  |       |     1 |     4 |       ||     5
       Throw Icicle      |       |     7 |    59 |     6 ||    72
       Cause Fear        |       |       |     1 |       ||     1
Evoke: Wand              |       |       |       |     1 ||     1
  Use: Scroll            |     4 |     2 |     4 |       ||    10
       Potion            |     3 |     4 |     2 |     2 ||    11
 Stab: Sleeping          |     5 |     2 |       |       ||     7
       Fleeing           |       |       |     1 |       ||     1
  Eat: Chunk             |     6 |     6 |     6 |       ||    18
       Ration            |       |       |     2 |       ||     2
Armor: Robe              |     7 |    16 |    27 |       ||    50
Dodge: Dodged            |    23 |    38 |    68 |     7 ||   136

Table legend:
 A = Spawn XP
 B = Non-spawn XP
 C = Spawn XP percentage of total XP
 D = Spawn monster count
 E = Non-spawn monster count
 F = Spawn count percentage of total count
 G = Total turns spent on level
                    A         B        C        D         E        F      G
               +---------+---------+-------+---------+---------+-------+---------
         Total |       0 |    6383 |   0.0 |       0 |     124 |   0.0 |  7785
               +---------+---------+-------+---------+---------+-------+---------
           D:1 |       0 |      25 |   0.0 |       0 |      12 |   0.0 |  1237
           D:2 |       0 |      23 |   0.0 |       0 |      12 |   0.0 |  1142
           D:3 |       0 |     255 |   0.0 |       0 |      39 |   0.0 |  1569
           D:4 |       0 |     376 |   0.0 |       0 |      12 |   0.0 |  1068
           D:5 |       0 |    1255 |   0.0 |       0 |      16 |   0.0 |   980
           D:6 |       0 |     790 |   0.0 |       0 |      12 |   0.0 |  1067
           D:7 |       0 |     637 |   0.0 |       0 |      15 |   0.0 |   388
        Bailey |       0 |    3022 |   0.0 |       0 |       6 |   0.0 |   127
               +---------+---------+-------+---------+---------+-------+---------
